 Dungeon Crawl Stone Soup version 0.22.0-18-ge075c0d (webtiles) character file.

7774 Gravenous the Nimble (level 11, -6/48 HPs)
             Began as a Felid Venom Mage on Aug 18, 2018.
             Was a High Priest of Vehumet.
             Killed by divine providence
             ... invoked by an orc high priest
              (13 damage)
             ... on level 2 of the Orcish Mines.
             The game lasted 00:46:53 (23359 turns).

Gravenous the Nimble (Felid Venom Mage)            Turns: 23359, Time: 00:46:53

Health: -6/48      AC:  3    Str:  4    XL:     11   Next: 1%
Magic:  4/24       EV: 45    Int: 20    God:    Vehumet [*****.]
Gold:   1131       SH:  0    Dex: 18    Spells: 3/27 levels left
                                        Lives:  0   Deaths: 3

rFire    . . .     SeeInvis +   (weapon unavailable)
rCold    + . .     Gourm    .   (shield unavailable)
rNeg     . . .     Faith    .   (armour unavailable)
rPois    .         Spirit   .   (helmet unavailable)
rElec    .         Reflect  .   (cloak unavailable)
rCorr    .         Harm     .   (gloves unavailable)
MR       +++..                  (boots unavailable)
Stlth    ++++......             D - amulet of the acrobat
HPRegen  0.16/turn              i - ring of protection from magic
MPRegen  0.19/turn              r - ring of protection from magic

@: quick
A: very small, no armour, no weapons or thrown items, stealth, claws 1, fangs 3,
see invisible, carnivore, speed 1, shaggy fur 3, slow metabolism 1, sharp paws
a: Renounce Religion


You were on level 2 of the Orcish Mines.
You worshipped Vehumet.
Vehumet was extremely pleased with you.
You were not hungry.

You visited 2 branches of the dungeon, and saw 15 of its levels.

You collected 1197 gold pieces.
You spent 66 gold pieces at shops.

Inventory:

Jewellery
 i - a ring of protection from magic (left paw)
 r - a ring of protection from magic (right paw)
 D - an amulet of the acrobat (around neck)
Wands
 j - a wand of clouds (1)
 m - a wand of polymorph (17)
 t - a wand of scattershot (5)
 w - a wand of paralysis (5)
 y - a wand of flame (44)
 C - a wand of random effects (16)
 E - a wand of digging (26)
Scrolls
 a - 8 scrolls of remove curse
 f - 2 scrolls of immolation {unknown}
 g - 2 scrolls of magic mapping
 n - 2 scrolls of amnesia
 x - a scroll of fog
 z - 6 scrolls of teleportation
 A - 10 scrolls of identify
 B - a scroll of blinking
 F - a scroll of silence {unknown}
Potions
 c - 4 potions of haste
 d - 2 potions of flight
 e - a potion of invisibility
 h - a potion of berserk rage
 k - 3 potions of cancellation
 l - 4 potions of curing
 o - 2 potions of resistance
 p - a potion of mutation
 q - a potion of lignification
 u - 3 potions of might
 v - a potion of heal wounds
Comestibles
 b - 34 rations


   Skills:
 - Level 6.3 Fighting
 - Level 13.2 Dodging
 - Level 6.0 Stealth
 - Level 8.8 Spellcasting
 - Level 11.7 Conjurations
 - Level 5.7 Air Magic
 * Level 5.2 Earth Magic
 - Level 7.0 Poison Magic


You had 3 spell levels left.
You knew the following spells:

 Your Spells              Type           Power        Failure   Level  Hunger
a - Sting                 Conj/Pois      ####         1%          1    None
b - Poisonous Vapours     Pois/Air       ####..       1%          2    None
c - Mephitic Cloud        Conj/Pois/Air  #####...     1%          3    None
d - Olgreb's Toxic Radia  Pois           #####...     1%          4    ###....
e - Airstrike             Air            ####......   2%          4    ###....
f - Bolt of Magma         Conj/Fire/Erth ####......   6%          5    #####..
g - Lightning Bolt        Conj/Air       #####.....   1%          5    #####..

Your spell library contained the following spells:

 Spells                   Type           Power        Failure   Level  Hunger
 Inner Flame              Hex/Fire       #.......     7%          3    None
 Animate Skeleton         Necr           N/A          8%          1    None
 Apportation              Tloc           #.....       8%          1    None
 Confusing Touch          Hex            #.....       8%          1    None
 Corona                   Hex            #......      8%          1    None
 Summon Small Mammal      Summ           #...         8%          1    None
 Call Imp                 Summ           #.......     12%         2    None
 Slow                     Hex            #.......     12%         2    None
 Call Canine Familiar     Summ           #.......     24%         3    None
 Summon Guardian Golem    Hex/Summ       #.......     24%         3    None
 Venom Bolt               Conj/Pois      #####.....   1%          5    #####..
 Iron Shot                Conj/Erth      #####.....   11%         6    ######.
 Summon Lightning Spire   Summ/Air       ###.....     24%         4    ###....
 Leda's Liquefaction      Hex/Erth       ###.......   26%         4    ###....
 Cause Fear               Hex            #.........   61%         4    ###....
 Summon Ice Beast         Ice/Summ       #.......     61%         4    ###....
 Statue Form              Tmut/Erth      ###......    99%         6    ######.
 Shatter                  Erth           ####......   100%        9    #######
 Portal Projectile        Hex/Tloc       Unusable     N/A         3    N/A

Dungeon Overview and Level Annotations

Branches:
Dungeon (13/15)            Temple (0/1) D:5            Lair (0/6) D:10
    Orc (2/2) D:12            Elf (0/3) Orc:2
 Vaults: D:13-14

Altars:
Cheibriados
Dithmenos
Elyvilon
Fedhas
Gozag
Hepliaklqana
Kikubaaqudgha
Makhleb
Nemelex Xobeh
Okawaru
Ru
Sif Muna
Uskayaw
Vehumet
Wu Jian
Xom
Yredelemnul
The Shining One

Shops:
D:7 *   Orc:2 (

Annotations:
D:4 Grinder, Menkaure
D:6 2 transporters, exclusion: phantom, laplap's ghost, novice DrFE


Innate Abilities, Weirdness & Mutations

You cannot wear armour.
You are incapable of wielding weapons or throwing items.
Your paws allow you to move quietly. (Stealth)
You have sharp claws.
You have razor-sharp teeth.
You have supernaturally acute eyesight. (SInv)
You are carnivorous and can eat meat at any time.
You cover ground quickly.
Your thick and shaggy fur keeps you warm. (AC +3, rC+)
You have a slow metabolism.
Your sharp claws are effective at attacking unaware monsters.


Message History

The rust devil completely misses you.
The red devil hits you from afar with a trident.
The orc high priest utters an invocation to Beogh.
The orc warrior misses you. The rust devil completely misses you.
The rust devil disappears in a puff of smoke!
The orc high priest completely misses you.
The red devil closely misses you. The orc warrior completely misses you.
The red devil completely misses you.
The orc high priest hits you from afar with a halberd!
* * * LOW HITPOINT WARNING * * *
The orc warrior completely misses you.
The orc priest looks more healthy.
The orc warrior misses you. x2
The red devil completely misses you.
The orc high priest completely misses you.
The orc warrior suddenly grunts.
The orc warrior completely misses you. The red devil completely misses you.
The orc warrior misses you.
The orc high priest mumbles some strange prayers to Beogh against you.
Beogh smites you!
You die...

##...........
#. #
#...P.......P
....#
#....†.......
....#
#............
.....
#............
#....
#...4.......#
#....
#...4o.....#
#...P
#.ooo4.....#
.....
##.@(........
#....
#....(.......


..PPP #((....##..#. #..P. ##.#...# ### ..... ####.## ...P. ### ..##. . #. #. #.
You could see an orc high priest, an ice devil, a rust devil, a red devil, 2 orc
warriors and an orc priest.

Vanquished Creatures
  6 two-headed ogres
  2 centaur warriors
  A tengu warrior (D:9)
  An orc high priest (Orc:2)
  Nergalle (D:11)
  An unseen horror (D:13)
  Pikel (D:8)
  An orc knight (Orc:1)
  4 orc sorcerers
  3 ugly things (D:12)
  2 manticores
  2 deep elf magi (D:12)
  3 cyclopes
  5 trolls
  A hornet (D:9)
  Prince Ribbit (D:8)
  2 hippogriffs (D:11)
  Sigmund (D:4)
  A wraith (D:12)
  2 wyverns
  21 yaks
  Eustachio (D:4)
  4 wargs
  A soldier ant (D:9)
  2 ice beasts (D:12)
  2 black bears
  5 sky beasts
  23 orc warriors
  An eye of draining (D:9)
  10 ogres
  7 centaurs
  9 bullfrogs
  2 big kobolds
  4 scorpions
  8 howler monkeys
  3 jellies
  A bullfrog zombie (D:12)
  5 crimson imps
  2 quasits
  14 orc priests
  2 centaur zombies
  7 hounds
  A bullfrog skeleton (D:7)
  2 centaur skeletons
  Terence (D:2)
  Natasha (D:1)
  3 iguanas
  Ijyb (D:3)
  13 orc wizards
  14 worker ants
  A killer bee zombie (D:9)
  A hound zombie (D:10)
  2 hound skeletons
  A worker ant zombie (D:9)
  A gnoll (D:5)
  7 adders
  3 shadow imps
  3 oozes
  3 adder skeletons
  A worm (D:3)
  5 dart slugs
  6 leopard geckos
  67 orcs
  A ball python (D:2)
  3 bat skeletons (D:3)
  2 bat zombies (D:3)
  5 giant cockroaches
  14 goblins
  8 hobgoblins
  13 jackals
  6 quokkas
  12 bats
  3 frilled lizards
  20 kobolds
  2 quokka skeletons
  4 rats
  A butterfly (D:5)
406 creatures vanquished.

Vanquished Creatures (others)
  3 slaves (D:8)
  An iguana (D:8)
  7 fungi
11 creatures vanquished.

Grand Total: 417 creatures vanquished

Notes
Turn   | Place    | Note
-------+----------+-------------------------------------------
     0 | D:1      | Gravenous the Felid Venom Mage began the quest for the Orb.
     0 | D:1      | Reached XP level 1. HP: 7/7 MP: 4/4
    33 | D:1      | Reached skill level 1 in Conjurations
   104 | D:1      | Reached XP level 2. HP: 6/11 MP: 1/6
   108 | D:1      | Learned a level 2 spell: Poisonous Vapours
   558 | D:1      | Reached skill level 3 in Dodging
   715 | D:1      | Reached XP level 3. HP: 3/14 MP: 3/7
   726 | D:1      | Learned a level 3 spell: Mephitic Cloud
  1116 | D:2      | Noticed Natasha
  1179 | D:1      | Killed Natasha
  1586 | D:2      | Noticed Terence
  1592 | D:2      | Reached XP level 4. HP: 16/18 MP: 3/8
  1625 | D:2      | Killed Terence
  2023 | D:2      | Found a sacrificial altar of Ru.
  2557 | D:3      | Found a sparkling altar of Nemelex Xobeh.
  2605 | D:3      | Reached XP level 5. HP: 12/21 MP: 4/9
  2880 | D:3      | Found an ancient bone altar of Kikubaaqudgha.
  3043 | D:3      | Found a hazy altar of Hepliaklqana.
  3122 | D:3      | Found an ornate altar of the Wu Jian Council.
  3122 | D:3      | Found a basalt altar of Yredelemnul.
  4102 | D:4      | Noticed Ijyb
  4109 | D:3      | Killed Ijyb
  4109 | D:3      | Gained mutation: You are covered in thick fur. (AC +2) [Felid growth]
  4109 | D:3      | Reached XP level 6. HP: 24/24 MP: 4/11
  4115 | D:3      | Learned a level 4 spell: Olgreb's Toxic Radiance
  4170 | D:4      | Reached skill level 4 in Dodging
  4183 | D:4      | Noticed Eustachio
  4187 | D:4      | Noticed Sigmund
  4199 | D:4      | Killed Eustachio
  4482 | D:4      | Noticed Grinder
  5125 | D:4      | Killed Sigmund
  5125 | D:4      | Reached XP level 7. HP: 13/27 MP: 5/13
  5356 | D:4      | Found a burning altar of Makhleb.
  5357 | D:4      | Found a radiant altar of Vehumet.
  5365 | D:4      | Became a worshipper of Vehumet
  5977 | D:4      | Noticed Menkaure
  6017 | D:5      | Entered Level 5 of the Dungeon
  6028 | D:5      | Found a blossoming altar of Fedhas.
  6247 | D:5      | Found a staircase to the Ecumenical Temple.
  6305 | D:5      | Found an iron altar of Okawaru.
  6349 | D:5      | Reached skill level 5 in Poison Magic
  6795 | D:6      | Found a transporter.
  6798 | D:6      | Noticed laplap's ghost (novice DrFE)
  6856 | D:6      | Found a transporter.
  7077 | D:6      | Found a shimmering altar of Xom.
  7386 | D:6      | Reached skill level 5 in Dodging
  7882 | D:7      | Reached XP level 8. HP: 17/31 MP: 8/14
  8211 | D:7      | Reached skill level 5 in Conjurations
  8767 | D:7      | Reached skill level 6 in Dodging
  9088 | D:7      | Reached skill level 9 in Dodging
  9088 | D:7      | Reached XP level 9. HP: 34/34 MP: 15/20
  9212 | D:7      | Found the +8 orange crystal plate armour {Archmagi, Int+3 Clar}
  9213 | D:7      | Reached * piety under Vehumet
  9213 | D:7      | Offered knowledge of Sandblast by Vehumet.
  9450 | D:7      | Found Somit's General Store.
  9466 | D:7      | Bought a scroll of teleportation for 33 gold pieces
  9466 | D:7      | Bought a scroll of teleportation for 33 gold pieces
  9498 | D:7      | Noticed a dagger
  9498 | D:7      | Noticed a dagger
  9499 | D:7      | Found a hide-covered altar of Uskayaw.
 10026 | D:8      | Noticed Pikel
 10045 | D:8      | Killed Pikel
 10045 | D:8      | Reached skill level 10 in Dodging
 10045 | D:8      | Reached XP level 10. HP: 37/37 MP: 5/21
 10138 | D:8      | Found a deep blue altar of Sif Muna.
 10209 | D:8      | Noticed a two-headed ogre
 10268 | D:8      | Killed a two-headed ogre
 10477 | D:8      | Noticed Prince Ribbit
 10489 | D:8      | Killed Prince Ribbit
 11100 | D:8      | Found a shimmering altar of Xom.
 11101 | D:8      | Found a snail-covered altar of Cheibriados.
 11101 | D:8      | Found a glowing golden altar of the Shining One.
 11102 | D:8      | Found a sparkling altar of Nemelex Xobeh.
 11104 | D:8      | Found a white marble altar of Elyvilon.
 11105 | D:8      | Found an opulent altar of Gozag.
 11271 | D:8      | Found an opulent altar of Gozag.
 11500 | D:9      | Reached skill level 10 in Conjurations
 11686 | D:9      | Offered knowledge of Freeze by Vehumet.
 11919 | D:9      | Reached ** piety under Vehumet
 12197 | D:9      | Noticed a tengu warrior
 12197 | D:9      | Noticed a centaur warrior
 12233 | D:9      | Killed a centaur warrior
 12233 | D:9      | Reached skill level 5 in Stealth
 12249 | D:9      | Killed a tengu warrior
 12663 | D:9      | Reached XP level 11. HP: 40/40 MP: 17/23
 12668 | D:9      | Offered knowledge of Inner Flame by Vehumet.
 13105 | D:10     | Entered Level 10 of the Dungeon
 13468 | D:10     | Reached skill level 1 in Fighting
 13484 | D:10     | Reached *** piety under Vehumet
 13757 | D:10     | Reached skill level 11 in Dodging
 13977 | D:10     | Noticed a two-headed ogre
 13989 | D:10     | Killed a two-headed ogre
 14036 | D:10     | Found a staircase to the Lair.
 14452 | D:10     | Killed from afar by an orc priest
 14453 | D:10     | Reached XP level 10. HP: -4/40 MP: 17/23
 14521 | D:10     | Noticed a two-headed ogre
 14548 | D:10     | Killed a two-headed ogre
 14708 | D:11     | Noticed Nergalle
 14723 | D:11     | Killed Nergalle
 14906 | D:11     | Noticed a cyclops
 14929 | D:11     | Killed a cyclops
 15359 | D:11     | Offered knowledge of Airstrike by Vehumet.
 15365 | D:11     | Reached XP level 11. HP: 18/45 MP: 12/24
 15381 | D:11     | Learned a level 4 spell: Airstrike
 15690 | D:11     | Noticed a two-headed ogre
 15707 | D:11     | Killed a two-headed ogre
 16545 | D:12     | Found a staircase to the Orcish Mines.
 16941 | D:12     | Reached skill level 12 in Dodging
 16941 | D:12     | Reached skill level 1 in Air Magic
 17015 | D:12     | Noticed a green ugly thing
 17303 | D:12     | Reached **** piety under Vehumet
 17344 | D:12     | Noticed a deep elf mage
 17344 | D:12     | Noticed a white ugly thing
 17380 | D:12     | Killed a green ugly thing
 17504 | D:12     | Killed a red ugly thing
 17679 | D:12     | Killed a deep elf mage
 17706 | D:12     | Offered knowledge of Dazzling Spray by Vehumet.
 18251 | D:12     | Noticed a two-headed ogre
 18350 | D:12     | Killed a two-headed ogre
 18350 | D:12     | Reached skill level 5 in Fighting
 18603 | D:12     | Noticed a two-headed ogre
 18634 | D:12     | Killed a two-headed ogre
 18965 | D:12     | Noticed a purple ugly thing
 18969 | D:12     | Noticed a deep elf mage
 19027 | D:12     | Killed a purple ugly thing
 19027 | D:12     | Gained mutation: Your thick and shaggy fur keeps you warm. (AC +3, rC+) [Felid growth]
 19027 | D:12     | Reached XP level 12. HP: 38/51 MP: 13/25
 19367 | D:13     | Noticed a centaur warrior
 19378 | D:12     | Killed a centaur warrior
 19378 | D:12     | Reached skill level 5 in Air Magic
 19848 | D:13     | Found a shadowy altar of Dithmenos.
 19873 | D:13     | Reached skill level 13 in Dodging
 20026 | D:13     | Learned a level 5 spell: Bolt of Magma
 20321 | D:13     | Noticed a centaur warrior
 20529 | Orc:1    | Entered Level 1 of the Orcish Mines
 20886 | Orc:1    | Reached skill level 1 in Earth Magic
 21521 | Orc:1    | Reached ***** piety under Vehumet
 21653 | Orc:1    | Offered knowledge of Lightning Bolt by Vehumet.
 21738 | Orc:1    | Killed from afar by an orc sorcerer
 21739 | Orc:1    | Reached XP level 11. HP: -3/48 MP: 15/24
 22016 | Orc:1    | Killed an orc sorcerer
 22184 | Orc:2    | Entered Level 2 of the Orcish Mines
 22184 | Orc:2    | Noticed an orc sorcerer
 22185 | Orc:2    | Noticed an orc sorcerer
 22261 | Orc:1    | HP: 2/48 [warg (13)]
 22683 | Orc:2    | Killed an orc sorcerer
 22687 | Orc:2    | Killed an orc sorcerer
 22707 | Orc:2    | Noticed an orc high priest
 22968 | Orc:1    | Learned a level 5 spell: Lightning Bolt
 22973 | Orc:2    | Killed an orc high priest
 23077 | Orc:2    | Found Rakuxod's Antique Weapon Shop.
 23280 | Orc:2    | Reached skill level 5 in Earth Magic
 23292 | Orc:2    | Noticed an orc sorcerer
 23300 | Orc:2    | Killed an orc sorcerer
 23300 | Orc:2    | Reached XP level 12. HP: 52/52 MP: 2/25
 23324 | Orc:2    | Noticed an orc warlord
 23328 | Orc:2    | Found a staircase to the Elven Halls.
 23328 | Orc:2    | Slain by an orc warrior
 23329 | Orc:2    | Reached XP level 11. HP: -4/48 MP: 2/24
 23340 | Orc:2    | Noticed an orc high priest
 23359 | Orc:2    | Killed from afar by an orc high priest

Skill      XL: |  1  2  3  4  5  6  7  8  9 10 11 12 |
---------------+-------------------------------------+-----
Conjurations   | 1 2 3 4 9 11 | 11.7
Stealth        | 3 4 5 6 |  6.0
Poison Magic   | 3 4 5 6 7 |  7.0
Dodging        | 3 4 5 9 10 12 13 | 13.2
Spellcasting   | 3 7 8 |  8.8
Fighting       | 3 5 6 |  6.3
Air Magic      | 4 5 |  5.7
Earth Magic    | 5 2 |  5.2

Action                   |  1- 3 |  4- 6 |  7- 9 | 10-12 || total
-------------------------+-------+-------+-------+-------++-------
Melee: Unarmed           |    24 |   120 |   171 |   511 ||   826
       Bite              |     7 |    12 |    17 |    64 ||   100
 Cast: Sting             |    12 |    15 |     5 |     1 ||    33
       Poisonous Vapours |    27 |    67 |    65 |   264 ||   423
       Olgreb's Toxic Ra |       |       |     9 |   124 ||   133
       Mephitic Cloud    |       |       |     3 |    20 ||    23
       Airstrike         |       |       |       |    45 ||    45
       Bolt of Magma     |       |       |       |    26 ||    26
       Lightning Bolt    |       |       |       |     4 ||     4
Evoke: Wand              |       |     1 |     4 |    47 ||    52
  Use: Scroll            |       |    12 |     8 |     4 ||    24
       Potion            |       |       |     3 |     3 ||     6
 Stab: Sleeping          |       |     3 |     4 |     3 ||    10
       Paralysed         |       |       |       |     2 ||     2
       Confused          |       |       |       |     1 ||     1
  Eat: Chunk             |    11 |    10 |    13 |    53 ||    87
Armor: Skin              |     4 |    13 |     4 |    20 ||    41
Dodge: Dodged            |    37 |   162 |   197 |   804 ||  1200
